 Dungeon Crawl Stone Soup version 0.25-a0-346-g140ab784a8 (webtiles) character file.

Game seed: 2821323975422405875, levelgen mode: deterministic

99 pk666 the Magician (level 4, -6/24 HPs)
             Began as a Deep Elf Wizard on Jan 1, 2020.
             Killed by nerve-wracking pain
             ... invoked by Grinder
              (11 damage)
             ... on level 3 of the Dungeon.
             The game lasted 00:03:47 (2488 turns).

pk666 the Magician (Deep Elf Wizard)                Turns: 2488, Time: 00:03:48

Health: -6/24      AC:  2    Str:  4    XL:     4   Next: 45%
Magic:  0/13       EV: 13    Int: 24    God:
Gold:   143        SH:  0    Dex: 13    Spells: 2/13 levels left

rFire    . . .     SeeInvis .   e - +0 dagger
rCold    . . .     Gourm    .   (no shield)
rNeg     . . .     Faith    .   a - +0 robe
rPois    .         Spirit   .   b - +0 hat
rElec    .         Reflect  .   (no cloak)
rCorr    .         Harm     .   (no gloves)
MR       .....                  (no boots)
Stlth    ++........             (no amulet)
HPRegen  0.08/turn              m - ring of wizardry
MPRegen  0.13/turn              (no ring)

@: no status effects
A: no striking features
a: no special abilities


You were on level 3 of the Dungeon.
You were hungry.

You visited 1 branch of the dungeon, and saw 3 of its levels.

You collected 143 gold pieces.

Inventory:

Hand Weapons
 e - a +0 dagger (weapon)
Armour
 a - a +0 robe (worn)
 b - a +0 hat (worn)
Jewellery
 m - a ring of wizardry (left hand)
Scrolls
 g - 2 scrolls of teleportation {unknown}
 h - 3 scrolls of identify {unknown}
 i - a scroll of magic mapping {unknown}
 j - a scroll of enchant weapon {unknown}
 k - a scroll of blinking {unknown}
Potions
 c - a potion of flight {unknown}
 f - a potion of degeneration {unknown}
 l - a potion of haste {unknown}
 n - 2 potions of berserk rage {unknown}
Comestibles
 d - 4 rations


   Skills:
 - Level 3.6 Dodging
 - Level 2.4 Stealth
 + Level 5.4 Spellcasting
 + Level 2.6 Conjurations
 + Level 1.3 Summonings
 - Level 1.1 Translocations
 + Level 0.2 Fire Magic
 + Level 0.3 Air Magic
 + Level 0.6 Poison Magic


You had 2 spell levels left.
You knew the following spells:

 Your Spells              Type           Power        Failure   Level  Hunger
a - Magic Dart            Conj           ###.         1%          1    None
b - Blink                 Tloc           N/A          3%          2    None
c - Conjure Flame         Conj/Fire      ##......     6%          3    #......
d - Mephitic Cloud        Conj/Pois/Air  ##......     6%          3    #......
e - Call Imp              Summ           ##......     3%          2    None

Your spell library contained the following spells:

 Spells                   Type           Power        Failure   Level  Hunger
 Slow                     Hex            #.......     5%          2    None


Dungeon Overview and Level Annotations

Branches:
Dungeon (3/15)

Altars:
Dithmenos

Annotations:
D:3 Grinder


Message History

Your iron imp barely misses Grinder.
Grinder blinks!
Grinder is nearby!
Grinder hits your iron imp but does no damage.
Your iron imp closely misses Grinder.
Grinder hits your iron imp but does no damage.
Grinder hits your iron imp.
Your iron imp barely misses Grinder.
Grinder blinks!
Grinder blinks!
Grinder gestures at you.
Your iron imp suddenly stops moving!
Grinder completely misses your iron imp.
Grinder hits your iron imp.
Grinder blinks!
Casting: Call Imp (safe; 3% risk of failure)
Confirm with . or Enter, or press ? or * to list all spells.
A beastly little devil appears in a puff of flame.
Grinder hits your crimson imp but does no damage.
Grinder gestures at you. Pain shoots through your body!
You die...

##### ### ....
#.. #..#
########.#
###§†###
#.....(.†# #
#..5...#
##.######.#
#.#.#@.#.#.##.#
#..
##(#.#..#.#.##.#
###
#.....5.....##.#
##
#..#.##5..####.#
#.
#..#.##........#
####. #.
#..#..#######
#.... #..##.#..#
#...# #....)...#
##....
#........#
#.....


You could see Grinder, a friendly iron imp (paralysed) and a friendly crimson
imp.

Vanquished Creatures
  3 adders (D:2)
  2 oozes (D:1)
  2 dart slugs
  5 leopard geckos
  3 giant cockroaches
  9 goblins
  5 hobgoblins (D:1)
  A quokka (D:2)
  A ball python (D:2)
  9 bats
  3 frilled lizards
  6 kobolds
  6 rats
55 creatures vanquished.

Notes
Turn   | Place    | Note
-------+----------+-------------------------------------------
     0 | D:1      | pk666 the Deep Elf Wizard began the quest for the Orb.
     0 | D:1      | Reached XP level 1. HP: 10/10 MP: 7/7
   228 | D:1      | Reached XP level 2. HP: 15/15 MP: 3/9
   645 | D:1      | Reached XP level 3. HP: 12/19 MP: 1/11
   824 | D:1      | Reached skill level 5 in Spellcasting
  1745 | D:2      | Found a shadowy altar of Dithmenos.
  1849 | D:2      | Reached XP level 4. HP: 24/24 MP: 9/13
  1857 | D:2      | Learned a level 2 spell: Blink
  1861 | D:2      | Learned a level 3 spell: Conjure Flame
  1865 | D:2      | Learned a level 3 spell: Mephitic Cloud
  1868 | D:2      | Learned a level 2 spell: Call Imp
  2394 | D:3      | Noticed Grinder
  2458 | D:3      | Paralysed by Grinder for 4 turns
  2488 | D:3      | Killed from afar by Grinder

Levels and vault maps discovered:
D:1:      zaba_arrival_water, layout_basic
D:2:      layout_basic, old_standard_altar
D:3:      layout_loops_cross, led_sif_book, minmay_statues_item, uniq_grinder

Skill      XL: |  1  2  3 |
---------------+----------+-----
Dodging        | 3 |  3.6
Conjurations   | 2 |  2.6
Spellcasting   | 5 |  5.4
Stealth        | |  2.4
Summonings     | |  1.3
Translocations | |  1.1
Fire Magic     | |  0.2
Air Magic      | |  0.3
Poison Magic   | |  0.6

Action                   |  1- 3 |  4- 6 || total
-------------------------+-------+-------++-------
Melee: Dagger            |     6 |       ||     6
 Cast: Magic Dart        |    94 |    42 ||   136
       Call Imp          |       |     5 ||     5
       Conjure Flame     |       |     1 ||     1
  Eat: Chunk             |     2 |     2 ||     4
Armor: Robe              |     3 |     1 ||     4
Dodge: Dodged            |    22 |     3 ||    25

Table legend:
 A = Non-vault XP
 B = Vault XP
 C = Vault XP percentage of total XP
 D = Non-vault monster count
 E = Vault monster count
 F = Vault count percentage of total count
                 A         B        C        D         E       F
            +---------+---------+-------+---------+---------+-------
      Total |     142 |       0 |   0.0 |      55 |       0 |   0.0
            +---------+---------+-------+---------+---------+-------
        D:1 |      65 |       0 |   0.0 |      29 |       0 |   0.0
        D:2 |      72 |       0 |   0.0 |      23 |       0 |   0.0
        D:3 |       5 |       0 |   0.0 |       3 |       0 |   0.0
            +---------+---------+-------+---------+---------+-------
